 Dungeon Crawl Stone Soup version 0.18-a0-1745-gffa9a88 (webtiles) character file.

49 MrRokkomies the Caller (level 3, -6/14 HPs)
             Began as a Felid Summoner on Apr 12, 2016.
             Was a Follower of Makhleb.
             Shot with an arrow by a centaur (11 damage)
             ... on level 5 of the Dungeon.
             The game lasted 00:07:01 (3299 turns).

MrRokkomies the Caller (Felid Summoner)             Turns: 3299, Time: 00:07:02

Health: -6/14      AC:  1    Str:  4    XL:     3   Next: 51%
Magic:  1/7        EV: 18    Int: 17    God:    Makhleb [*.....]
Gold:   134        SH:  0    Dex: 16    Spells: 3 memorised, 0 levels left
                                        Lives:  0   Deaths: 1

rFire  . . .     SeeInvis +       - Unarmed
rCold  . . .     Gourm    .     (armour unavailable)
rNeg   . . .     Faith    .     (shield unavailable)
rPois  .         Spirit   .     (helmet unavailable)
rElec  .         Dismiss  .     (cloak unavailable)
rCorr  .         Reflect  .     (gloves unavailable)
SustAt .         Harm     .     (boots unavailable)
MR     .....                    (no amulet)
Stlth  +++.......               (no ring)
                                k - ring of wizardry

@: quick, not resistant to hostile enchantments, fairly stealthy
A: no armour, no weapons or thrown items, claws 1, fangs 3, see invisible,
carnivore 3, speed 1, shaggy fur 1, slow metabolism 1, sharp paws
a: Renounce Religion


You were on level 5 of the Dungeon.
You worshipped Makhleb.
Makhleb was aware of your devotion.
You were not hungry.

You visited 1 branch of the dungeon, and saw 5 of its levels.

You collected 134 gold pieces.

Inventory:

Jewellery
 k - a ring of wizardry (left paw)
Scrolls
 d - a scroll of teleportation {unknown}
Potions
 f - 2 potions of brilliance
 m - a potion of degeneration {unknown}
 n - a potion of flight {unknown}
 o - a potion of cure mutation {unknown}
Books
 a - a book of Callings

   Spells                             Type                      Level
   a - Summon Small Mammal            Summoning                    1
   b - Call Imp                       Summoning                    2
   c - Call Canine Familiar           Summoning                    3
   d - Summon Guardian Golem          Hexes/Summoning              3
   e - Summon Lightning Spire         Summoning/Air                4
   f - Summon Ice Beast               Ice/Summoning                4
Comestibles
 b - 2 meat rations
 h - a beef jerky


   Skills:
 - Level 2.6 Dodging
 - Level 2.6 Stealth
 * Level 2.6 Unarmed Combat
 - Level 2.0 Spellcasting
 * Level 5.1 Summonings


You couldn't memorise any spells.
You knew the following spells:

 Your Spells              Type           Power        Failure   Level  Hunger
a - Summon Small Mammal   Summ           ###.         1%          1    #......
b - Call Imp              Summ           ###.....     1%          2    ###....
c - Call Canine Familiar  Summ           ###.....     4%          3    ###....


Dungeon Overview and Level Annotations

Branches:
Dungeon (5/15)
 Temple: D:4-7

Altars:
Fedhas
Kikubaaqudgha
Makhleb

Annotations:
D:2 exclusion: oklob plant
D:3 Grinder


Innate Abilities, Weirdness & Mutations

You cannot wear armour.
You are incapable of wielding weapons or throwing items.
You have sharp claws.
You have razor-sharp teeth.
You have supernaturally acute eyesight.
You are carnivorous and can eat meat at any time.
You cover ground quickly.
You are covered in fur (AC +1).
You have a slow metabolism.
Your sharp claws are effective at attacking unaware monsters.


Message History

Gang up on whom?
Press: ? - help, Dir - move target cursor, f/p - orc wizard
Aim: an orc wizard, wielding a dagger and wearing a robe (severely wounded, fast) Attack!
The centaur shoots an arrow.
The arrow misses you.
The centaur unwields an uncursed shortbow.
The centaur closely misses you.
Your hound closely misses the orc wizard.
The orc wizard barely misses your hound.
You barely miss the centaur. You bite the centaur, but do no damage.
The centaur barely misses you.
Your hound bites the orc wizard.
The orc wizard mumbles some strange words.
The orc wizard blinks!
The centaur hits you.
Casting: Call Canine Familiar
Confirm with . or Enter, or press ? or * to list all spells.
Your hound disappears in a puff of smoke!
The centaur completely misses you.
The centaur wields an uncursed shortbow.
The centaur shoots an arrow.
The arrow hits you!
Ouch! That really hurt!
You die...

#.c.§.....# #.# ###.....# .#
#.o.§...#.## #o# #.......##.#
.......o#..#####.####.#.....##.##
#................................
......(.##..####..#.#####...##.#.
######..###.####..#.# #...##.#
........((.)...c..#.# ##.....#
######..####.###..#.# #......##
#..# #.# #@.#.# ######.#≈ #..#
#.. #h.#.# ####..§ #..#
##.##..#.# #.....§ #..# .......#
#...... .... ....... #...... ...#
#####.(# #....## #$?%#..# #....#
#)?!#... ####'## ##....


You could see a centaur, an orc wizard (wandering) and a friendly hound.

Vanquished Creatures
  A hound (D:4)
  2 oozes (D:2)
  A dart slug (D:2)
  2 giant geckos
  An orc (D:5)
  A ball python (D:2)
  2 giant cockroaches
  3 goblins (D:1)
  5 hobgoblins
  2 jackals (D:2)
  5 bats
  5 giant newts
  7 kobolds
  7 rats
44 creatures vanquished.

Vanquished Creatures (collateral kills)
  An adder (D:2)
  A worm (D:2)
  4 orcs (D:5)
  A bat (D:2)
  A giant cockroach (D:2)
  A goblin (D:2)
  A hobgoblin (D:1)
  3 jackals (D:2)
13 creatures vanquished.

Grand Total: 57 creatures vanquished

Notes
Turn   | Place    | Note
--------------------------------------------------------------
     0 | D:1      | MrRokkomies the Felid Summoner began the quest for the Orb.
     0 | D:1      | Reached XP level 1. HP: 7/7 MP: 4/4
   294 | D:1      | Reached XP level 2. HP: 11/11 MP: 6/6
   359 | D:1      | Reached skill level 1 in Unarmed Combat
  1732 | D:2      | Learned a level 2 spell: Call Imp
  1941 | D:2      | Reached XP level 3. HP: 14/14 MP: 0/7
  1986 | D:2      | Found a burning altar of Makhleb.
  2005 | D:2      | Became a worshipper of Makhleb the Destroyer
  2484 | D:2      | Learned a level 3 spell: Call Canine Familiar
  2575 | D:2      | Found a blossoming altar of Fedhas.
  2593 | D:2      | Noticed an oklob plant
  2809 | D:2      | Reached * piety under Makhleb
  3026 | D:3      | Noticed Grinder
  3057 | D:4      | Reached skill level 5 in Summonings
  3057 | D:4      | Reached XP level 4. HP: 14/18 MP: 8/8
  3107 | D:4      | Slain by a worker ant
  3108 | D:4      | Reached XP level 3. HP: -3/14 MP: 7/7
  3108 | D:4      | Found an ancient bone altar of Kikubaaqudgha.
  3119 | D:5      | Entered Level 5 of the Dungeon
  3275 | D:5      | Noticed a centaur
  3299 | D:5      | Shot with an arrow by a centaur

Vault maps used:
D:1:      minmay_arrival_four_circles, minmay_misc_feat_square
D:2:      tgw_fedhas, minmay_statues_item, bloody_makhleb
D:3:      first_bread, uniq_grinder
D:4:      nicolae_overflow_hidden_temple, amethyst_overflow_temple_binary
D:5:      nicolae_overflow_quartered_altars, minmay_temple_entry_fiery,
          due_unseen_surprise

Skill      XL: |  1  2  3 |
---------------+----------+-----
Unarmed Combat | 1 2 |  2.6
Summonings     | 5 |  5.1
Dodging        | |  2.6
Stealth        | |  2.6
Spellcasting   | |  2.0

Action                   |  1- 3 |  4- 6 || total
-------------------------+-------+-------++-------
Melee: Unarmed           |   132 |     2 ||   134
 Cast: Summon Small Mamm |     4 |       ||     4
       Call Imp          |    15 |     1 ||    16
       Call Canine Famil |     3 |     1 ||     4
  Use: Scroll            |     5 |       ||     5
       Potion            |       |     2 ||     2
 Stab: Sleeping          |    17 |       ||    17
       Distracted        |     1 |       ||     1
  Eat: Chunk             |     4 |     3 ||     7
